 Dungeon Crawl Stone Soup version 0.25-a0-861-g340c9e8 (webtiles) character file.

Game seed: 795795230120885156, levelgen mode: deterministic

159 BlueFish the Insei (level 5, -3/34 HPs)
             Began as an Octopode Transmuter on Apr 29, 2020.
             Killed from afar by Natasha (7 damage)
             ... with a magic dart
             ... on level 3 of the Dungeon.
             The game lasted 00:06:54 (3225 turns).

BlueFish the Insei (Octopode Transmuter)            Turns: 3225, Time: 00:06:55

Health: -3/34      AC:  1    Str: 11    XL:     5   Next: 40%
Magic:  0/8        EV: 14    Int: 15    God:
Gold:   79         SH:  0    Dex: 12    Spells: 2/8 levels left

rFire    . . .     SeeInvis .     - Unarmed
rCold    . . .     Gourm    .   (no shield)
rNeg     . . .     Faith    .   (helmet restricted)
rPois    .         Spirit   .   (no amulet)
rElec    .         Reflect  .   (no ring)
rCorr    .         Harm     .   (no ring)
MR       .....                  (no ring)
Stlth    +++.......             (no ring)
HPRegen  0.11/turn              (no ring)
MPRegen  0.11/turn              (no ring)
                                (no ring)
                                (no ring)

@: very slightly contaminated
A: almost no armour, stealthy swim, amphibious, 8 rings, constrict 8, camouflage
1, gelatinous body 1
a: no special abilities


You were on level 3 of the Dungeon.
You were not hungry.

You visited 1 branch of the dungeon, and saw 3 of its levels.

You collected 79 gold pieces.

Inventory:

Missiles
 a - 37 arrows
Scrolls
 b - 3 scrolls of immolation
 d - a scroll of fear
 h - a scroll of enchant weapon
Potions
 e - a potion of experience {unknown}
 f - a potion of lignification {unknown}
 g - a potion of flight {unknown}
 j - a potion of stabbing {unknown}
Comestibles
 c - 6 rations


   Skills:
 * Level 1.8 Fighting
 * Level 2.6 Dodging
 * Level 2.6 Stealth
 * Level 4.1 Unarmed Combat
 + Level 2.3 Spellcasting
 * Level 2.8 Transmutations
 * Level 0.8 Poison Magic


You had 2 spell levels left.
You knew the following spells:

 Your Spells              Type           Power        Failure   Level  Hunger
a - Beastly Appendage     Tmut           ##....       7%          1    #......
b - Sticks to Snakes      Tmut           ##......     10%         2    ###....
c - Spider Form           Tmut/Pois      #.........   30%         3    ###....

Your spell library contained the following spells:

 Spells                   Type           Power        Failure   Level  Hunger
 Ice Form                 Ice/Tmut       #.......     75%         4    #####..
 Blade Hands              Tmut           ##........   88%         5    ######.


Dungeon Overview and Level Annotations

Branches:
Dungeon (3/15)

Altars:
Zin

Annotations:
D:3 Natasha


Innate Abilities, Weirdness & Mutations

You cannot wear most types of armour.
You are very stealthy in the water. (Stealth+)
You are amphibious.
You can wear up to eight rings at the same time.
You can use your tentacles to constrict eight enemies at once.
Your skin changes colour to match your surroundings (Stealth+).
Your rubbery body absorbs attacks. (AC +1, EV +1)


Message History

Natasha claws you.
Casting: Sticks to Snakes (safe; 10% risk of failure)
Confirm with . or Enter, or press ? or * to list all spells.
You miscast Beastly Appendage.
You are very lightly contaminated with residual magic.
Nothing appears to happen.
Your ball python bites Natasha but does no damage.
Your ball python constricts Natasha.
Natasha zaps a wand.
The puff of flame hits you!
* * * LOW HITPOINT WARNING * * *
Your ball python bites Natasha. x2; Your ball python constricts Natasha.
Natasha claws your ball python.
Your ball python dies!
Casting: Beastly Appendage (safe; 7% risk of failure)
Confirm with . or Enter, or press ? or * to list all spells.
You don't have enough magic to cast that spell.
Your ball python barely misses Natasha.
Your ball python constricts Natasha.
Natasha stares at you and mumbles some strange words.
The magic dart hits you!
You die...

#..r......# #.........#
#.....<...# #.........#
#.........# #.........# #.
#.........# .# #...>.....#
..####.....@...# .
........####.### ...
...............#### #....
#.#......#.hS....###...... ####
#...####.......#.........# ...#
##..>#######........(......
.#.###......####..##(....##.....
............)....####....[......
#.####..#...>.............#.....


You could see Natasha and a friendly ball python.

Vanquished Creatures
  Natasha (D:3)
  7 adders
  2 worms (D:3)
  A dart slug (D:2)
  3 leopard geckos
  An orc (D:2)
  4 bats
  2 giant cockroaches
  A goblin (D:2)
  6 hobgoblins
  4 jackals (D:3)
  11 kobolds
  A quokka (D:3)
  A ball python (D:1)
  19 frilled lizards
  6 rats
70 creatures vanquished.

Notes
Turn   | Place    | Note
-------+----------+-------------------------------------------
     0 | D:1      | BlueFish the Octopode Transmuter began the quest for the
                  | Orb.
     0 | D:1      | Reached XP level 1. HP: 13/13 MP: 3/3
   195 | D:1      | Reached XP level 2. HP: 18/18 MP: 3/5
   199 | D:1      | Learned a level 2 spell: Sticks to Snakes
   797 | D:1      | Reached skill level 1 in Stealth
  1104 | D:1      | Reached XP level 3. HP: 18/23 MP: 4/6
  1663 | D:2      | Reached XP level 4. HP: 21/28 MP: 7/7
  1674 | D:2      | Learned a level 3 spell: Spider Form
  1938 | D:2      | Found a faded altar of an unknown god.
  2096 | D:2      | Found a glowing silver altar of Zin.
  2547 | D:3      | Noticed Natasha
  2910 | D:3      | Reached XP level 5. HP: 23/34 MP: 8/8
  2926 | D:3      | Killed Natasha
  2926 | D:3      | Reached skill level 4 in Unarmed Combat
  3204 | D:3      | Noticed Natasha
  3225 | D:3      | Killed from afar by Natasha

Levels and vault maps discovered:
D:1:      sevenhm_arrival_forest_fort_small_4, layout_basic,
          minmay_misc_feat_tower, minmay_lizard_king
D:2:      layout_basic, nicolae_overflow_hidden_temple,
          chequers_ecumenical_altar_simple, first_ration, bh_walls_and_bars
D:3:      layout_rooms, tgw_xom, ebering_ghost_gozag, uniq_natasha

Skill      XL: |  1  2  3  4  5 |
---------------+----------------+-----
Stealth        | 1 2 |  2.6
Unarmed Combat | 4 |  4.1
Fighting       | |  1.8
Dodging        | |  2.6
Spellcasting   | |  2.3
Transmutations | |  2.8
Poison Magic   | |  0.8

Action                   |  1- 3 |  4- 6 || total
-------------------------+-------+-------++-------
Melee: Unarmed           |    68 |    71 ||   139
       Kick              |    12 |    16 ||    28
       Tentacles         |     7 |     9 ||    16
       Constrict         |     9 |    23 ||    32
       Punch             |       |     1 ||     1
 Cast: Beastly Appendage |    18 |    17 ||    35
       Sticks to Snakes  |       |     4 ||     4
  Use: Scroll            |     6 |       ||     6
 Stab: Sleeping          |     7 |     3 ||    10
  Eat: Chunk             |     3 |     5 ||     8
Armor: Skin              |     1 |     2 ||     3
Dodge: Dodged            |    37 |    37 ||    74

Table legend:
 A = Non-vault XP
 B = Vault XP
 C = Vault XP percentage of total XP
 D = Non-vault monster count
 E = Vault monster count
 F = Vault count percentage of total count
                 A         B        C        D         E       F
            +---------+---------+-------+---------+---------+-------
      Total |     179 |      49 |  21.5 |      57 |      13 |  18.6
            +---------+---------+-------+---------+---------+-------
        D:1 |      22 |      14 |  38.9 |      15 |      12 |  44.4
        D:2 |      98 |       0 |   0.0 |      25 |       0 |   0.0
        D:3 |      59 |      35 |  37.2 |      17 |       1 |   5.6
            +---------+---------+-------+---------+---------+-------
